 Dungeon Crawl Stone Soup version 0.25-a0-353-ged6d54792d (webtiles) character file.

Game seed: 6702504264408175293, levelgen mode: deterministic

569 BritishOli the Slasher (level 7, 0/53 HPs)
             Began as a Demonspawn Gladiator on Jan 2, 2020.
             Was an Initiate of Okawaru.
             Slain by an orc warrior
             ... wielding a +0 dire flail
              (16 damage)
             ... on level 5 of the Dungeon.
             The game lasted 00:07:40 (5454 turns).

BritishOli the Slasher (Demonspawn Gladiator)       Turns: 5454, Time: 00:07:41

Health: 0/53       AC:  4    Str: 16    XL:     7   Next: 11%
Magic:  7/7        EV: 14    Int:  9    God:    Okawaru [......]
Gold:   178        SH:  0    Dex: 15    Spells: 6/6 levels left

rFire    + . .     SeeInvis +   a - +0 long sword
rCold    . . .     Gourm    .   (no shield)
rNeg     . . .     Faith    .   b - +0 leather armour
rPois    .         Spirit   .   c - +0 helmet
rElec    .         Reflect  .   (no cloak)
rCorr    +         Harm     .   (no gloves)
MR       .....                  (no boots)
Stlth    +.........             (no amulet)
HPRegen  0.17/turn              o - ring of see invisible
MPRegen  0.10/turn              l - ring of resist corrosion

@: no status effects
A: hooves 2, fire resistance 1, powered by death 1
a: Renounce Religion


You were on level 5 of the Dungeon.
You worshipped Okawaru.
Okawaru was noncommittal.
You were not hungry.

You visited 2 branches of the dungeon, and saw 7 of its levels.

You collected 178 gold pieces.

Inventory:

Hand Weapons
 a - a +0 long sword (weapon)
Missiles
 d - 3 throwing nets (quivered)
Armour
 b - a +0 leather armour (worn)
 c - a +0 helmet (worn)
Jewellery
 l - a ring of resist corrosion (right hand)
 o - a ring of see invisible (left hand)
Wands
 p - a wand of flame (21)
 w - a wand of disintegration (14)
Scrolls
 g - 2 scrolls of teleportation
 h - a scroll of random uselessness {unknown}
 i - 3 scrolls of identify
 k - a scroll of amnesia {unknown}
 r - a scroll of magic mapping {unknown}
 u - a scroll of remove curse
 v - a scroll of immolation {unknown}
Potions
 e - 3 potions of curing
 j - a potion of cancellation {unknown}
 m - 2 potions of heal wounds {unknown}
 n - 2 potions of mutation {unknown}
 q - 2 potions of agility {unknown}
 s - a potion of haste {unknown}
 t - a potion of might {unknown}
Comestibles
 f - 13 rations


   Skills:
 + Level 3.9 Fighting
 * Level 5.1 Long Blades
 - Level 2.0 Throwing
 + Level 2.6 Armour
 + Level 4.1 Dodging


You had 6 spell levels left.
You didn't know any spells.
Your spell library contained the following spells:

 Spells                   Type           Power        Failure   Level  Hunger
 Sting                    Tmut/Pois      #...         43%         1    ##.....
 Poisonous Vapours        Pois/Air       #.....       58%         2    ###....
 Ignite Poison            Fire/Tmut/Pois #.......     82%         3    ####...
 Mephitic Cloud           Conj/Pois/Air  #.......     82%         3    ####...
 Olgreb's Toxic Radiance  Pois           #.......     99%         4    #####..


Dungeon Overview and Level Annotations

Branches:
Dungeon (6/15)             Temple (1/1) D:4

Altars:
Ashenzari
Cheibriados
Dithmenos
Elyvilon
Fedhas
Gozag
Hepliaklqana
Kikubaaqudgha
Makhleb
Nemelex Xobeh
Okawaru
Qazlal
Ru
Sif Muna
Uskayaw
Vehumet
Wu Jian
Xom
Yredelemnul
Zin
The Shining One

Annotations:
D:3 1 runed translucent door, pentaxis93's ghost, amateur VSCK


Innate Abilities, Weirdness & Mutations

You have hoof-like feet.
Your flesh is heat resistant. (rF+)
You regenerate a little health from kills.


Message History

You closely miss the orc warrior. The orc warrior barely misses you.
You barely miss the orc warrior. The orc warrior closely misses you.
You riposte.
You hit the orc warrior.
You kick the orc warrior, but do no damage.
The orc warrior is lightly wounded.
You closely miss the orc warrior. Your kick misses the orc warrior.
The orc warrior is lightly wounded.
The orc warrior closely misses you.
You hit the orc warrior. Your kick misses the orc warrior.
The orc warrior is lightly wounded.
The orc warrior hits you with a +0 dire flail!
You are too injured to fight recklessly!
You are too injured to fight recklessly!
Throwing (i - inventory)
d - 4 throwing nets (quivered)
Press: ? - help, Shift-Dir - straight line, f - orc warrior
Aim: an orc warrior, wielding a +0 dire flail and wearing a +0 plate armour (lightly wounded)
You throw a throwing net.
The throwing net closely misses the orc warrior.
The orc warrior hits you with a +0 dire flail!
You die...

.####...###.# #.###.#### ##....##
.# #...# #.# #.###.# #.#### ##
##.## #.# #.(##.# #.# #.#
#.####.##.# ##'## #.# #.........#
##...## ####!# ######.####
##.....## ##.##.# #..##
##.......##
##...#.#########o[.####.........#
...............)@.....'.........'
##...#.###.#####.[.####.........#
##.##.# #.# #...# ##.......##
#.##.# #.# ###.# ##.....## #.##.#
#.# #.# ##...## #.##.# #.# #.#
##'## #.##.# #.# #.# #.#
#.##.###.# #.# #.# #........# #.#
##.##


You could see an orc warrior.

Vanquished Creatures
  An ogre (D:4)
  2 scorpions
  A crimson imp (D:5)
  An orc priest (D:2)
  2 orc wizards
  2 worker ants (D:4)
  A hound skeleton (D:4)
  5 gnolls
  A howler monkey skeleton (D:4)
  4 adders
  A shadow imp (D:5)
  An adder skeleton (D:5)
  3 worms (D:2)
  2 dart slugs (D:1)
  4 leopard geckos
  12 orcs
  3 giant cockroaches
  8 goblins
  7 hobgoblins
  7 jackals
  2 quokkas
  10 bats
  10 frilled lizards
  7 kobolds
  A quokka zombie (D:5)
  6 rats
104 creatures vanquished.

Notes
Turn   | Place    | Note
-------+----------+-------------------------------------------
     0 | D:1      | BritishOli the Demonspawn Gladiator began the quest for the
                  | Orb.
     0 | D:1      | Reached XP level 1. HP: 16/16 MP: 1/1
    70 | D:1      | Gained mutation: You have large cloven feet. [demonic
                  | ancestry]
    70 | D:1      | Reached XP level 2. HP: 16/22 MP: 2/2
   101 | D:1      | Reached skill level 3 in Long Blades
   527 | D:1      | Reached XP level 3. HP: 15/28 MP: 3/3
   822 | D:2      | Found a faded altar of an unknown god.
  1360 | D:2      | Reached skill level 1 in Armour
  1658 | D:2      | Gained mutation: You regenerate a little health from kills.
                  | [demonic ancestry]
  1658 | D:2      | Reached XP level 4. HP: 29/34 MP: 4/4
  2181 | D:2      | Reached XP level 5. HP: 26/40 MP: 5/5
  2445 | D:3      | Found a runed translucent door.
  2445 | D:3      | Noticed pentaxis93's ghost (amateur VSCK)
  2681 | D:3      | Reached skill level 4 in Long Blades
  2857 | D:4      | Found a staircase to the Ecumenical Temple.
  2866 | Temple   | Entered the Ecumenical Temple
  2904 | Temple   | Became a worshipper of Warmaster Okawaru
  3334 | D:4      | Gained mutation: You have hoof-like feet. [demonic
                  | ancestry]
  3334 | D:4      | Reached XP level 6. HP: 28/47 MP: 6/6
  4202 | D:5      | Entered Level 5 of the Dungeon
  4893 | D:5      | Reached skill level 5 in Long Blades
  4893 | D:5      | Gained mutation: Your flesh is heat resistant. (rF+)
                  | [demonic ancestry]
  4893 | D:5      | Reached XP level 7. HP: 53/53 MP: 7/7
  5454 | D:5      | Slain by an orc warrior

Levels and vault maps discovered:
D:1:      psy_arrival_terrarium, layout_rooms, st_stairs_14
D:2:      layout_basic, chequers_ecumenical_altar_simple,
          minmay_tree_intersection, minmay_lizard_king
D:3:      layout_basic, gammafunk_ghost_grave
D:4:      layout_basic, minmay_temple_entry_waves
D:5:      layout_loops_corners, first_ration
D:6:      layout_cave_pools, serial_shops, shop, kennysheep_mini_moat
Temple:   nicolae_temple_the_god_donut

Skill      XL: |  1  2  3  4  5  6 |
---------------+-------------------+-----
Throwing       | 2 |  2.0
Long Blades    | 3 4 5 |  5.1
Dodging        | 3 4 |  4.1
Armour         | 1 2 |  2.6
Fighting       | 3 |  3.9

Action                   |  1- 3 |  4- 6 |  7- 9 || total
-------------------------+-------+-------+-------++-------
Melee: Long sword        |    95 |   161 |    27 ||   283
       Kick              |    22 |    67 |     7 ||    96
Throw: Throwing net      |       |       |     1 ||     1
  Use: Scroll            |     3 |     1 |       ||     4
  Eat: Chunk             |     2 |     7 |     1 ||    10
       Ration            |       |     1 |     1 ||     2
Armor: Leather armour    |    33 |    41 |     7 ||    81
Dodge: Dodged            |    68 |   118 |    15 ||   201
       Rpst.: Long sword |    34 |    33 |     5 ||    72

Table legend:
 A = Non-vault XP
 B = Vault XP
 C = Vault XP percentage of total XP
 D = Non-vault monster count
 E = Vault monster count
 F = Vault count percentage of total count
                 A         B        C        D         E       F
            +---------+---------+-------+---------+---------+-------
      Total |     803 |      10 |   1.2 |      97 |       7 |   6.7
            +---------+---------+-------+---------+---------+-------
        D:1 |      44 |       2 |   4.3 |      26 |       1 |   3.7
        D:2 |     151 |       8 |   5.0 |      24 |       6 |  20.0
        D:3 |      48 |       0 |   0.0 |      19 |       0 |   0.0
        D:4 |     340 |       0 |   0.0 |      16 |       0 |   0.0
        D:5 |     220 |       0 |   0.0 |      12 |       0 |   0.0
            +---------+---------+-------+---------+---------+-------
